| TOP OF THE 1ST |
|
Niagara Falls Rapids batting - Pitching for Geneva Red Legs : RHP Roland Mozzafiato
|
|
Pitching: RHP Roland Mozzafiato
|
|
|
Batting: LHB Jesus Figueroa
|
0-0: Called Strike 0-1: Ball 1-1: Ball 2-1: Ball 3-1: Base on Balls
|
|
Batting: RHB Jorge Martinez
|
0-0: Ball 1-0: Called Strike 1-1: Fly out, F8 (Flyball, 8LD, EV 102.5 MPH)
|
|
Batting: RHB Billy Beane
|
0-0: Called Strike Jesus Figueroa steals 2nd base 0-1: Swinging Strike 0-2: Strikes out swinging
|
|
Batting: RHB John Schaive
|
0-0: Called Strike 0-1: Ball 1-1: Called Strike 1-2: Strikes out looking
|
| Top of the 1st over - 0 runs, 0 hits, 0 errors, 1 left on base; Niagara Falls 0 - Geneva 0 |
| BOTTOM OF THE 1ST |
|
Geneva Red Legs batting - Pitching for Niagara Falls Rapids : RHP John Maxson
|
|
Pitching: RHP John Maxson
|
|
|
Batting: RHB Richard Hatcher
|
0-0: Ball 1-0: Ball 2-0: Foul Ball, location: 2F 2-1: Ground out 4-3 (Groundball, 4, EV 78.1 MPH)
|
|
Batting: RHB Alexis Rendon
|
0-0: Ball 1-0: Ball 2-0: Fly out, F8 (Flyball, 8LM, EV 86.3 MPH)
|
|
Batting: SHB Juan Castillo
|
0-0: Ball 1-0: Ball 2-0: Called Strike 2-1: Ball 3-1: Called Strike 3-2: Base on Balls
|
|
Batting: LHB Armando Ortiz
|
0-0: Ground out 4-3 (Groundball, 4, EV 86.3 MPH)
|
| Bottom of the 1st over - 0 runs, 0 hits, 0 errors, 1 left on base; Niagara Falls 0 - Geneva 0 |
| TOP OF THE 2ND |
|
Niagara Falls Rapids batting - Pitching for Geneva Red Legs : RHP Roland Mozzafiato
|
|
Batting: RHB John Pyle
|
0-0: Called Strike 0-1: Ball 1-1: Ball 2-1: Ball 3-1: Base on Balls
|
|
Batting: LHB Raymond Stein
|
0-0: Ball 1-0: Called Strike 1-1: SINGLE (Groundball, 4D, EV 95.6 MPH) John Pyle to second Runner from 2nd tries for 3rd, SAFE, no throw by CF
|
|
Batting: RHB Lozando Washington
|
0-0: Ball Raymond Stein is caught stealing 2nd base 2-4 1-0: Called Strike 1-1: Ball 2-1: Swinging Strike 2-2: Ball 3-2: Strikes out looking
|
|
Batting: RHB Frank Wren
|
0-0: Called Strike 0-1: Fly out, F8 (Flyball, 78M, EV 91.3 MPH)
|
| Top of the 2nd over - 0 runs, 1 hit, 0 errors, 1 left on base; Niagara Falls 0 - Geneva 0 |
| BOTTOM OF THE 2ND |
|
Geneva Red Legs batting - Pitching for Niagara Falls Rapids : RHP John Maxson
|
|
Batting: RHB Gil Marquez
|
0-0: Fly out, F8 (Flyball, 8LS, EV 91.3 MPH)
|
|
Batting: RHB Ricky Velasquez
|
0-0: Ball 1-0: Foul Ball, location: 2F 1-1: Ball 2-1: Ball 3-1: Swinging Strike 3-2: Strikes out swinging
|
|
Batting: RHB Juan Blanco
|
0-0: Fly out, F8 (Flyball, 89S, EV 86.9 MPH)
|
| Bottom of the 2nd over - 0 runs, 0 hits, 0 errors, 0 left on base; Niagara Falls 0 - Geneva 0 |
| TOP OF THE 3RD |
|
Niagara Falls Rapids batting - Pitching for Geneva Red Legs : RHP Roland Mozzafiato
|
|
Batting: RHB Dwayne Wright
|
0-0: Called Strike 0-1: Ball 1-1: SOLO HOME RUN (Flyball, 7LD, EV 109.4 MPH), Distance : 344 ft
|
|
Batting: LHB Jesus Figueroa
|
0-0: Ball 1-0: Called Strike 1-1: Ball 2-1: Foul Ball, location: 2F 2-2: Strikes out looking
|
|
Batting: RHB Jorge Martinez
|
0-0: Called Strike 0-1: Ball 1-1: Ball 2-1: Ball 3-1: Swinging Strike 3-2: Strikes out swinging
|
|
Batting: RHB Billy Beane
|
0-0: Fly out, F8 (Flyball, 8LS, EV 94.4 MPH)
|
| Top of the 3rd over - 1 run, 1 hit, 0 errors, 0 left on base; Niagara Falls 1 - Geneva 0 |
| BOTTOM OF THE 3RD |
|
Geneva Red Legs batting - Pitching for Niagara Falls Rapids : RHP John Maxson
|
|
Batting: RHB Danny Reyes
|
0-0: Ball 1-0: Called Strike 1-1: Ball 2-1: Ground out 6-3 (Groundball, 6, EV 106.9 MPH)
|
|
Batting: LHB Russell Eagle
|
0-0: Called Strike 0-1: Fly out, F5 (Popup, 5F, EV 83.8 MPH)
|
|
Batting: RHB Richard Hatcher
|
0-0: Foul Ball, location: 2F 0-1: Ball 1-1: Ball 2-1: Ball 3-1: Called Strike 3-2: Strikes out looking
|
| Bottom of the 3rd over - 0 runs, 0 hits, 0 errors, 0 left on base; Niagara Falls 1 - Geneva 0 |
| TOP OF THE 4TH |
|
Niagara Falls Rapids batting - Pitching for Geneva Red Legs : RHP Roland Mozzafiato
|
|
Batting: RHB John Schaive
|
0-0: Foul Ball, location: 2F 0-1: Ball 1-1: Foul Ball, location: 2F 1-2: Ball 2-2: Foul Ball, location: 2F 2-2: Ground out 6-3 (Groundball, 6, EV 81.9 MPH)
|
|
Batting: RHB John Pyle
|
0-0: Ball 1-0: Called Strike 1-1: Ball 2-1: Swinging Strike 2-2: Ball 3-2: Foul Ball, location: 2F 3-2: Base on Balls
|
|
Batting: LHB Raymond Stein
|
0-0: Ball 1-0: Ball 2-0: Called Strike 2-1: Ball 3-1: Called Strike 3-2: Fly out, F9 (Flyball, 9, EV 91.9 MPH)
|
|
Batting: RHB Lozando Washington
|
0-0: Ball John Pyle steals 2nd base 1-0: Ball 2-0: Fly out, F8 (Line Drive, 8RM, EV 100.0 MPH)
|
| Top of the 4th over - 0 runs, 0 hits, 0 errors, 1 left on base; Niagara Falls 1 - Geneva 0 |
| BOTTOM OF THE 4TH |
|
Geneva Red Legs batting - Pitching for Niagara Falls Rapids : RHP John Maxson
|
|
Batting: RHB Alexis Rendon
|
0-0: Foul Ball, location: 2F 0-1: Foul Ball, location: 2F 0-2: Ball 1-2: SINGLE (Groundball, 56, EV 86.3 MPH) (infield hit)
|
|
Batting: SHB Juan Castillo
|
0-0: Called Strike 0-1: Called Strike 0-2: Ball 1-2: Foul Ball, location: 2F 1-2: Ball 2-2: SINGLE (Groundball, 4, EV 106.3 MPH) (infield hit) Alexis Rendon to second
|
|
Batting: LHB Armando Ortiz
|
0-0: Foul Ball, location: 2F 0-1: Ball 1-1: SINGLE (Line Drive, 8LS, EV 110.0 MPH) Alexis Rendon to third Juan Castillo to second
|
|
Batting: RHB Gil Marquez
|
0-0: Called Strike 0-1: Foul Ball, location: 2F 0-2: Grounds into double play, 3-6-3 (Groundball, 34, EV 87.5 MPH) Alexis Rendon scores Juan Castillo to third
|
|
Batting: RHB Ricky Velasquez
|
0-0: Swinging Strike 0-1: SINGLE (Line Drive, 9S, EV 105.6 MPH) Juan Castillo scores
|
|
Batting: RHB Juan Blanco
|
0-0: Ball 1-0: Fielders Choice at 2nd, 6-4 (Groundball, 6, EV 101.9 MPH)
|
| Bottom of the 4th over - 2 runs, 4 hits, 0 errors, 1 left on base; Niagara Falls 1 - Geneva 2 |
| TOP OF THE 5TH |
|
Niagara Falls Rapids batting - Pitching for Geneva Red Legs : RHP Roland Mozzafiato
|
|
Batting: RHB Frank Wren
|
0-0: Called Strike 0-1: Ball 1-1: Ball 2-1: Ball 3-1: Foul Ball, location: 2F 3-2: Base on Balls
|
|
Batting: RHB Dwayne Wright
|
0-0: Ball Frank Wren steals 2nd base (no throw) 1-0: Ball 2-0: Foul Ball, location: 2F 2-1: Ball 3-1: Fly out, F8 (Flyball, 89XD, EV 96.3 MPH) Runner from 2nd tags up, SAFE at 3rd, no throw by CF
|
|
Batting: LHB Jesus Figueroa
|
0-0: SINGLE (Groundball, 56, EV 112.5 MPH) (infield hit) Frank Wren scores
|
|
Batting: RHB Jorge Martinez
|
0-0: Called Strike 0-1: Fly out, F9 (Flyball, 9D, EV 92.5 MPH)
|
|
Batting: RHB Billy Beane
|
0-0: Ball 1-0: SINGLE (Line Drive, 9S, EV 95.0 MPH) Jesus Figueroa to second Runner from 2nd tries for 3rd, SAFE, no throw by RF
|
|
Batting: RHB John Schaive
|
0-0: Ball 1-0: Ball 2-0: Foul Ball, location: 2F 2-1: Foul Ball, location: 2F 2-2: Strikes out swinging
|
| Top of the 5th over - 1 run, 2 hits, 0 errors, 2 left on base; Niagara Falls 2 - Geneva 2 |
| BOTTOM OF THE 5TH |
|
Geneva Red Legs batting - Pitching for Niagara Falls Rapids : RHP John Maxson
|
|
Batting: RHB Danny Reyes
|
0-0: Called Strike 0-1: SINGLE (Line Drive, 9S, EV 90.0 MPH)
|
|
Batting: LHB Russell Eagle
|
0-0: Fly out, F7 (Flyball, 7, EV 76.3 MPH)
|
|
Batting: RHB Richard Hatcher
|
0-0: Ball 1-0: Ball 2-0: Grounds into double play, 4-6-3 (Groundball, 4, EV 90.6 MPH)
|
| Bottom of the 5th over - 0 runs, 1 hit, 0 errors, 0 left on base; Niagara Falls 2 - Geneva 2 |
| TOP OF THE 6TH |
|
Niagara Falls Rapids batting - Pitching for Geneva Red Legs : RHP Roland Mozzafiato
|
|
Batting: RHB John Pyle
|
0-0: Ball 1-0: Foul Ball, location: 2F 1-1: Called Strike 1-2: Foul Ball, location: 2F 1-2: Foul Ball, location: 2F 1-2: Ball 2-2: Ball 3-2: Base on Balls
|
|
Batting: LHB Raymond Stein
|
0-0: Called Strike 0-1: Sac Bunt to 2L - play at first, batter OUT! 2-3 John Pyle to second
|
|
Batting: RHB Lozando Washington
|
0-0: Foul Ball, location: 2F 0-1: Swinging Strike 0-2: Ball 1-2: Ball 2-2: Strikes out swinging
|
|
Batting: RHB Frank Wren
|
0-0: Ball 1-0: Ground out 5-3 (Groundball, 56S, EV 68.8 MPH)
|
| Top of the 6th over - 0 runs, 0 hits, 0 errors, 1 left on base; Niagara Falls 2 - Geneva 2 |
| BOTTOM OF THE 6TH |
|
Geneva Red Legs batting - Pitching for Niagara Falls Rapids : RHP John Maxson
|
|
Batting: RHB Alexis Rendon
|
0-0: Foul Ball, location: 2F 0-1: Swinging Strike 0-2: Ball 1-2: Ball 2-2: Ball 3-2: Strikes out swinging
|
|
Batting: SHB Juan Castillo
|
0-0: Ball 1-0: DOUBLE (Groundball, 3L, EV 103.1 MPH)
|
|
Batting: LHB Armando Ortiz
|
0-0: Intentional Walk
|
|
Batting: RHB Gil Marquez
|
0-0: Fly out, F1 (Line Drive, P, EV 70.0 MPH)
|
|
Batting: RHB Ricky Velasquez
|
0-0: Swinging Strike 0-1: Foul Ball, location: 2F 0-2: Ball 1-2: Ball 2-2: Ball 3-2: Fly out, F8 (Flyball, 8LM, EV 80.6 MPH)
|
| Bottom of the 6th over - 0 runs, 1 hit, 0 errors, 2 left on base; Niagara Falls 2 - Geneva 2 |
| TOP OF THE 7TH |
|
Niagara Falls Rapids batting - Pitching for Geneva Red Legs : RHP Roland Mozzafiato
|
|
Batting: RHB Dwayne Wright
|
0-0: Ball 1-0: Foul Ball, location: 2F 1-1: Ball 2-1: SINGLE (Groundball, 6D, EV 106.9 MPH)
|
|
Batting: LHB Jesus Figueroa
|
0-0: Bunt missed! 0-1: Sac Bunt to 23 - play at first, batter OUT! 3-4 Dwayne Wright to second
|
|
Batting: RHB Jorge Martinez
|
0-0: Ball 1-0: Swinging Strike 1-1: Ball 2-1: Ball 3-1: Base on Balls
|
|
Pitching: LHP Ramiro Acosta
|
|
|
Batting: RHB Billy Beane
|
0-0: Called Strike 0-1: Foul Ball, location: 2F 0-2: Strikes out swinging
|
|
Batting: RHB John Schaive
|
0-0: Ball 1-0: Called Strike 1-1: Ball 2-1: Ball 3-1: Foul Ball, location: 2F 3-2: Foul Ball, location: 2F 3-2: Fly out, F1 (Popup, 13, EV 75.6 MPH)
|
| Top of the 7th over - 0 runs, 1 hit, 0 errors, 2 left on base; Niagara Falls 2 - Geneva 2 |
| BOTTOM OF THE 7TH |
|
Geneva Red Legs batting - Pitching for Niagara Falls Rapids : RHP John Maxson
|
|
Batting: RHB Juan Blanco
|
0-0: Called Strike 0-1: Foul Ball, location: 2F 0-2: Strikes out swinging
|
|
Batting: RHB Danny Reyes
|
0-0: Ball 1-0: Swinging Strike 1-1: Ball 2-1: Called Strike 2-2: Fly out, F7 (Flyball, 7S, EV 85.0 MPH)
|
|
Batting: LHB Russell Eagle
|
0-0: Ball 1-0: Called Strike 1-1: Ground out 6-3 (Groundball, 6, EV 101.3 MPH)
|
| Bottom of the 7th over - 0 runs, 0 hits, 0 errors, 0 left on base; Niagara Falls 2 - Geneva 2 |
| TOP OF THE 8TH |
|
Niagara Falls Rapids batting - Pitching for Geneva Red Legs : LHP Ramiro Acosta
|
|
Batting: RHB John Pyle
|
0-0: Ball 1-0: Ball 2-0: Ball 3-0: Base on Balls
|
|
Batting: LHB Raymond Stein
|
0-0: Ball 1-0: Ball 2-0: Bunted foul 2-1: Bunted foul 2-2: Ball 3-2: Fielders Choice at 2nd, 1-6 (Groundball, 13, EV 66.3 MPH)
|
|
Batting: RHB Lozando Washington
|
0-0: Ball 1-0: Swinging Strike 1-1: Fly out, F8 (Line Drive, 8RM, EV 91.9 MPH)
|
|
Batting: RHB Frank Wren
|
0-0: Ball 1-0: Called Strike 1-1: Called Strike 1-2: Ball 2-2: Ball Raymond Stein steals 2nd base 3-2: 2-RUN HOME RUN (Flyball, 9D, EV 102.5 MPH), Distance : 347 ft
|
|
Batting: RHB Dwayne Wright
|
0-0: Ground out 6-3 (Groundball, 6, EV 87.5 MPH)
|
| Top of the 8th over - 2 runs, 1 hit, 0 errors, 0 left on base; Niagara Falls 4 - Geneva 2 |
| BOTTOM OF THE 8TH |
|
Geneva Red Legs batting - Pitching for Niagara Falls Rapids : RHP John Maxson
|
|
Pitching: RHP Jose Rodriguez
|
|
|
Batting: RHB Richard Hatcher
|
0-0: SINGLE (Groundball, 4MD, EV 96.3 MPH)
|
|
Batting: RHB Alexis Rendon
|
0-0: Ball 1-0: Ball 2-0: Called Strike 2-1: Swinging Strike 2-2: Reached on error, E6 (Groundball, 6, EV 81.3 MPH) Richard Hatcher to second
|
|
Batting: SHB Juan Castillo
|
0-0: Called Strike 0-1: Foul Ball, location: 2F 0-2: Ball 1-2: Strikes out swinging
|
|
Pitching: LHP Danny Avila
|
|
|
Pinch Hitting: LHB Lenny Dykstra
|
0-0: Ball 1-0: Fly out, F9 (Flyball, 9, EV 90.0 MPH)
|
|
Batting: RHB Gil Marquez
|
0-0: Called Strike 0-1: Ground out 4-3 (Groundball, 4, EV 83.1 MPH)
|
| Bottom of the 8th over - 0 runs, 1 hit, 1 error, 2 left on base; Niagara Falls 4 - Geneva 2 |
| TOP OF THE 9TH |
|
Niagara Falls Rapids batting - Pitching for Geneva Red Legs : LHP Ramiro Acosta
|
|
Now in CF: Lenny Dykstra
|
|
|
Batting: LHB Jesus Figueroa
|
0-0: Ball 1-0: Ball 2-0: Ball 3-0: Foul Ball, location: 2F 3-1: Called Strike 3-2: SOLO HOME RUN (Flyball, 9D, EV 86.9 MPH), Distance : 345 ft
|
|
Pitching: LHP Bobby Sprowl
|
|
|
Batting: RHB Jorge Martinez
|
0-0: Ball 1-0: Swinging Strike 1-1: Ball 2-1: Ball 3-1: Ground out U3 (Groundball, 34, EV 76.3 MPH)
|
|
Batting: RHB Billy Beane
|
0-0: Called Strike 0-1: Swinging Strike 0-2: Ball 1-2: Ball 2-2: Ball 3-2: Fly out, F8 (Flyball, 8LM, EV 95.0 MPH)
|
|
Batting: RHB John Schaive
|
0-0: SINGLE (Groundball, 6D, EV 99.4 MPH)
|
|
Batting: RHB John Pyle
|
0-0: DOUBLE (Groundball, 5L, EV 104.4 MPH) John Schaive to third
|
|
Batting: LHB Raymond Stein
|
0-0: Fly out, F7 (Flyball, 7S, EV 83.8 MPH)
|
| Top of the 9th over - 1 run, 3 hits, 0 errors, 2 left on base; Niagara Falls 5 - Geneva 2 |
| BOTTOM OF THE 9TH |
|
Geneva Red Legs batting - Pitching for Niagara Falls Rapids : LHP Danny Avila
|
|
Batting: RHB Ricky Velasquez
|
0-0: SINGLE (Groundball, 6MD, EV 95.6 MPH)
|
|
Batting: RHB Juan Blanco
|
0-0: Called Strike 0-1: Ball 1-1: Called Strike 1-2: Foul Ball, location: 2F 1-2: Ball 2-2: Fly out, F9 (Flyball, 9LM, EV 89.4 MPH)
|
|
Batting: RHB Danny Reyes
|
0-0: DOUBLE (Line Drive, 7LS, EV 103.1 MPH) Ricky Velasquez to third
|
|
Pinch Hitting: RHB Roberto Dennis
|
0-0: Ball 1-0: Called Strike 1-1: Called Strike 1-2: Fly out, F8 (Flyball, 8RS, EV 85.0 MPH)
|
|
Batting: RHB Richard Hatcher
|
0-0: Called Strike 0-1: SINGLE (Groundball, 4MD, EV 100.0 MPH) Ricky Velasquez scores Danny Reyes to third
|
|
Batting: RHB Alexis Rendon
|
0-0: Ground out 4-3 (Groundball, 34, EV 101.3 MPH)
|
| Bottom of the 9th over - 1 run, 3 hits, 0 errors, 2 left on base; Niagara Falls 5 - Geneva 3 |
|